 Dungeon Crawl Stone Soup version 0.28-a0-592-g6fc52098c6 (webtiles) character file.

Game seed: 13300572165418944002

1183 gemf the Jinx (level 8, -6/36 HPs)
             Began as a Spriggan Enchanter on Oct 4, 2021.
             Mangled by a two-headed ogre (19 damage)
             ... on level 5 of the Dungeon.
             The game lasted 00:15:16 (7727 turns).

gemf the Jinx (Spriggan Enchanter)                  Turns: 7727, Time: 00:15:18

Health: -6/36      AC:  2    Str:  5    XL:     8   Next: 19%
Magic:  6/21       EV: 18    Int: 22    God:
Gold:   216        SH:  0    Dex: 23    Spells: 16/24 levels left

rFire   . . .      SeeInvis +   a - +2 dagger (vorpal)
rCold   . . .      Faith    .   (shield restricted)
rNeg    . . .      Spirit   .   b - +0 robe
rPois   .          Reflect  .   (helmet restricted)
rElec   .          Harm     .   (no cloak)
rCorr   .          Rampage  .   (gloves unavailable)
Will    +....                   (boots unavailable)
Stlth   +++.......              j - amulet of the acrobat
HPRegen 0.12/turn               f - +6 ring of dexterity
MPRegen 0.17/turn               h - +6 ring of intelligence

@: very quick
A: very small, no large weapons, unfitting armour, see invisible, speed 3
a: no special abilities


You were on level 5 of the Dungeon.
You visited 2 branches of the dungeon, and saw 6 of its levels.

You collected 216 gold pieces.

Inventory:

Hand Weapons
 a - a +2 vorpal dagger (weapon)
Armour
 b - a +0 robe (worn)
Jewellery
 f - a +6 ring of dexterity (left hand)
 h - a +6 ring of intelligence (right hand)
 j - an amulet of the acrobat (around neck)
Wands
 d - a wand of digging (7)
 g - a wand of iceblast (1)
Potions
 c - a potion of invisibility
 e - a potion of curing
 l - a potion of attraction


   Skills:
 - Level 1.1 Short Blades
 - Level 2.6 Dodging
 - Level 4.4 Stealth
 + Level 8.7 Spellcasting
 + Level 9.1 Hexes


You had 16 spell levels left.
You knew the following spells:

 Your Spells              Type           Power      Damage    Failure   Level
a - Ensorcelled Hibernat  Hex/Ice        58%        N/A       1%          2
b - Tukima's Dance        Hex            49%        N/A       1%          3
c - Dazzling Flash        Conj/Hex       58%        N/A       3%          3

Your spell library contained the following spells:

 Spells                   Type           Power      Damage    Failure   Level
 Confusing Touch          Hex            49%        N/A       1%          3
 Conjure Flame            Conj/Fire      9%         6-21      21%         3
 Ignite Poison            Fire/Tmut/Pois 9%         N/A       21%         3
 Sticky Flame             Conj/Fire      9%         2d3       56%         4
 Summon Forest            Summ/Tloc      4%         N/A       88%         5
 Eringya's Noxious Bog    Tmut/Pois      4%         N/A       100%        6
 Summon Hydra             Summ           4%         N/A       100%        7


Dungeon Overview and Level Annotations

Branches:
Dungeon (5/15)             Temple (1/1) D:4

Altars:
Cheibriados
Elyvilon
Fedhas
Gozag
Kikubaaqudgha
Makhleb
Nemelex Xobeh
Okawaru
Qazlal
Ru
Sif Muna
Trog
Uskayaw
Vehumet
Wu Jian
Xom
Yredelemnul
Zin
The Shining One

Annotations:
D:3 1 runed translucent door, Heedrag's ghost, amateur MiFi


Innate Abilities, Weirdness & Mutations

You are very small and have problems with some larger weapons.
You are too small for most types of armour.
You have supernaturally acute eyesight. (SInv)
You cover ground extremely quickly. (Speed+++)


Message History

You have reached level 8!
Unknown command.
Things that are here:
a +2 whip of freezing; a +0 robe; the kobold corpse of Pikel
Casting: Ensorcelled Hibernation (safe; 1% risk of failure)
Confirm with . or Enter, or press ? or * to list all spells.
Aiming: Ensorcelled Hibernation (safe; 1% risk of failure)
Press: ? - help, Shift-Dir - straight line, f - two-headed ogre
Aim: a two-headed ogre, wielding a +0 giant club and a +0 giant spiked club (chance to affect: 40%)
The two-headed ogre resists with some effort.
Casting: Ensorcelled Hibernation (safe; 1% risk of failure)
Confirm with . or Enter, or press ? or * to list all spells.
Aiming: Ensorcelled Hibernation (safe; 1% risk of failure)
Press: ? - help, Shift-Dir - straight line, f/p - two-headed ogre
Aim: a two-headed ogre, wielding a +0 giant club and a +0 giant spiked club (chance to affect: 40%)
The two-headed ogre resists with some effort.
Casting: Ensorcelled Hibernation (safe; 1% risk of failure)
Confirm with . or Enter, or press ? or * to list all spells.
Aiming: Ensorcelled Hibernation (safe; 1% risk of failure)
Press: ? - help, Shift-Dir - straight line, f/p - two-headed ogre
Aim: a two-headed ogre, wielding a +0 giant club and a +0 giant spiked club (chance to affect: 40%)
The two-headed ogre resists with some effort.
The two-headed ogre hits you with a +0 giant club!!
Ouch! That really hurt!
The two-headed ogre completely misses you.
Casting: Ensorcelled Hibernation (safe; 1% risk of failure)
Confirm with . or Enter, or press ? or * to list all spells.
Aiming: Ensorcelled Hibernation (safe; 1% risk of failure)
Press: ? - help, Shift-Dir - straight line, f/p - two-headed ogre
Aim: a two-headed ogre, wielding a +0 giant club and a +0 giant spiked club (chance to affect: 40%)
The two-headed ogre resists with some effort.
Casting: Ensorcelled Hibernation (safe; 1% risk of failure)
Confirm with . or Enter, or press ? or * to list all spells.
Aiming: Ensorcelled Hibernation (safe; 1% risk of failure)
Press: ? - help, Shift-Dir - straight line, f/p - two-headed ogre
Aim: a two-headed ogre, wielding a +0 giant club and a +0 giant spiked club (chance to affect: 40%)
The two-headed ogre resists with some effort.
The two-headed ogre hits you with a +0 giant club!!
Ouch! That really hurt!
You die...

#....#.....O...#
.. .
#....#.#.##..###
..
#....#.#.#......
#....#.#.#........
#....###.#.####.##
#.......)#+## .#
...........###.#
.......O.......
####...@...###.
#...........
#....###...#
...... #....#
#...####.....
######
#...##......#
#...##......##
#...........##
#...........##
............##


You could see a two-headed ogre.

Vanquished Creatures
  Pikel (D:5)
  Menkaure (D:4)
  A water moccasin (D:5)
  A lemure (D:5)
  A scorpion (D:5)
  4 hounds
  3 iguanas
  Robin (D:3)
  A gnoll (D:1)
  4 adders
  2 adder skeletons
  A worm (D:3)
  3 dart slugs
  6 orcs
  7 endoplasms
  2 giant cockroaches
  15 goblins
  7 hobgoblins
  6 kobolds
  7 quokkas
  A ball python (D:3)
  4 bats
  4 frilled lizards
  A quokka skeleton (D:4)
  2 rats
86 creatures vanquished.

Vanquished Creatures (collateral kills)
  Blork the orc (D:4)
  An orc (D:4)
2 creatures vanquished.

Vanquished Creatures (others)
  A demonic plant (D:2)
  2 plants (D:3)
  3 withered plants
6 creatures vanquished.

Grand Total: 94 creatures vanquished

Notes
Turn   | Place    | Note
-------+----------+-------------------------------------------
     0 | D:1      | gemf the Spriggan Enchanter began the quest for the Orb.
     0 | D:1      | Reached XP level 1. HP: 9/9 MP: 5/5
   610 | D:1      | Reached skill level 4 in Hexes
   803 | D:1      | Reached XP level 2. HP: 10/13 MP: 7/7
   806 | D:1      | Learned a level 2 spell: Ensorcelled Hibernation
  1634 | D:1      | Reached XP level 3. HP: 16/16 MP: 1/9
  2610 | D:1      | Learned a level 3 spell: Tukima's Dance
  2627 | D:2      | Found a faded altar of an unknown god.
  2957 | D:2      | Reached XP level 4. HP: 21/21 MP: 11/11
  3098 | D:3      | Reached skill level 5 in Hexes
  3101 | D:3      | Noticed Robin
  3102 | D:3      | Found a radiant altar of Vehumet.
  3148 | D:3      | Found an ornate altar of the Wu Jian Council.
  3460 | D:3      | Killed Robin
  4036 | D:3      | Noticed Heedrag's ghost (amateur MiFi)
  4037 | D:3      | Found a runed translucent door.
  4380 | D:5      | Entered Level 5 of the Dungeon
  4454 | D:5      | Noticed a lemure
  4454 | D:5      | Noticed a lemure
  4457 | D:4      | Noticed Menkaure
  4766 | D:4      | Learned a level 3 spell: Dazzling Flash
  4941 | D:4      | Killed Menkaure
  4942 | D:4      | Reached skill level 5 in Spellcasting
  4942 | D:4      | Reached skill level 6 in Hexes
  4942 | D:4      | Reached XP level 5. HP: 11/24 MP: 12/14
  5288 | D:4      | Found a glowing silver altar of Zin.
  5378 | D:4      | Noticed Blork the orc
  5389 | D:4      | Killed Blork the orc
  5390 | D:4      | Reached XP level 6. HP: 21/28 MP: 13/16
  5484 | D:4      | Found a staircase to the Ecumenical Temple.
  5495 | Temple   | Entered the Ecumenical Temple
  5753 | D:4      | You fall into a shaft and drop 1 floor!
  5766 | D:5      | Noticed a two-headed ogre
  5768 | D:5      | Noticed a water moccasin
  6308 | D:4      | Reached skill level 7 in Hexes
  6969 | D:4      | Found a bloodstained altar of Trog.
  7317 | D:5      | Killed a water moccasin
  7318 | D:5      | Reached XP level 7. HP: 31/32 MP: 8/18
  7670 | D:5      | Noticed Pikel
  7717 | D:5      | Killed Pikel
  7718 | D:5      | Reached skill level 9 in Hexes
  7718 | D:5      | Reached XP level 8. HP: 30/36 MP: 15/21
  7727 | D:5      | Mangled by a two-headed ogre

Illustrated notes

Levels and vault maps discovered:
D:1:      heliophobic_arrival_glass_houses, layout_rooms,
          minmay_misc_feat_enclosed, minmay_misc_feat_alley, minivault_24,
          minmay_curled_crystal
D:2:      layout_rooms, shapermc_ecumenical_altar_gd
D:3:      layout_rooms, mainiacjoe_overflow_tiny_flanked,
          nicolae_wu_jian_wuxing_cycle, gammafunk_ghost_grave,
          minmay_misc_feat_four_crosses, serial_bayou_crossing, uniq_robin
D:4:      layout_layer_cave, mainiacjoe_overflow_swirl,
          minmay_temple_entry_antechambers, uniq_blork_the_orc, uniq_menkaure
D:5:      minmay_recursive_quarters, layout_basic, uniq_pikel
Temple:   regret_index_temple_generic_petals

Skill      XL: |  1  2  3  4  5  6  7 |
---------------+----------------------+-----
Spellcasting   | 3 4 5 6 7 8 |  8.7
Hexes          | 4 6 7 9 |  9.1
Short Blades   | |  1.1
Dodging        | |  2.6
Stealth        | |  4.4

Action                   |  1- 3 |  4- 6 |  7- 9 || total
-------------------------+-------+-------+-------++-------
Melee: Dagger            |   142 |   176 |    15 ||   333
 Cast: Ensorcelled Hiber |    20 |    37 |    11 ||    68
       Tukima's Dance    |       |     2 |       ||     2
Evoke: Wand              |       |       |     3 ||     3
  Use: Scroll            |       |     7 |       ||     7
       Potion            |       |     4 |       ||     4
 Stab: Sleeping          |    19 |    25 |     4 ||    48
       Distracted        |     1 |       |       ||     1
Armor: Robe              |     9 |     8 |     1 ||    18
Dodge: Dodged            |   133 |   148 |    19 ||   300

Table legend: (Time is in decaauts)
 A = Elapsed time spent in this place.
 B = Non-inter-level travel time spent in this place.
 C = Inter-level travel time spent in this place.
 D = Time resting spent in this place.
 E = Time spent auto-exploring this place.
 F = Levels seen in this place.
 G = Mean time per level.
                   A        B        C        D        E       F      G
               +--------+--------+--------+--------+--------+-----+--------+
         Total |   6324 |   6238 |     86 |   1886 |   3414 |   6 | 1054.0 |
       Dungeon |   6177 |   6113 |     64 |   1886 |   3293 |   5 | 1235.4 |
        Temple |    146 |    124 |     22 |      0 |    121 |   1 |  146.0 |
               +--------+--------+--------+--------+--------+-----+--------+

Top non-repeatable levels by time:
     D:4: 2305 daAuts
     D:1: 1849 daAuts
     D:3: 969 daAuts
     D:2: 837 daAuts
     D:5: 215 daAuts
  Temple: 146 daAuts
